 Dungeon Crawl Stone Soup version 0.24.0-37-gcf1ca852f1 (webtiles) character file.

Game seed: 249046948967150209, levelgen mode: deterministic

1366 grindst0ne the Sneak (level 8, -3/55 HPs)
             Began as an Octopode Fighter on Nov 21, 2019.
             Was a Believer of Okawaru.
             Killed by nerve-wracking pain
             ... invoked by a shadow imp
              (12 damage)
             ... on level 6 of the Dungeon.
             The game lasted 00:08:16 (5350 turns).

grindst0ne the Sneak (Octopode Fighter)             Turns: 5350, Time: 00:08:17

Health: -3/55      AC:  1    Str: 20    XL:     8   Next: 65%
Magic:  9/9        EV: 14    Int:  8    God:    Okawaru [**....]
Gold:   325        SH: 10    Dex: 14    Spells: 7/7 levels left

rFire    + . .     SeeInvis .   a - +0 war axe
rCold    . . .     Gourm    .   b - +0 shield
rNeg     . . .     Faith    .   (helmet restricted)
rPois    .         Spirit   .   (no amulet)
rElec    .         Reflect  .   g - ring of protection from fire
rCorr    .         Harm     .   i - -2 ring of intelligence (curse)
MR       .....                  (no ring)
Stlth    ++++......             (no ring)
HPRegen  0.18/turn              (no ring)
MPRegen  0.11/turn              (no ring)
                                (no ring)
                                (no ring)

@: mighty
A: almost no armour, stealthy swim, amphibious, 8 rings, constrict 8, camouflage
1, gelatinous body 1
a: Heroism, Renounce Religion


You were on level 6 of the Dungeon.
You worshipped Okawaru.
Okawaru was pleased with you.
You were not hungry.

You visited 1 branch of the dungeon, and saw 6 of its levels.

You collected 325 gold pieces.

Inventory:

Hand Weapons
 a - a +0 war axe (weapon)
Missiles
 v - 3 silver boomerangs (quivered)
Armour
 b - a +0 shield (worn)
Jewellery
 g - a ring of protection from fire (left tentacle)
 i - a cursed -2 ring of intelligence (right tentacle)
Wands
 e - a wand of iceblast (8)
 o - a wand of random effects (16)
 p - a wand of flame (2)
Scrolls
 f - 2 scrolls of enchant weapon
 j - 2 scrolls of fog
 k - 3 scrolls of amnesia
 t - a scroll of summoning {unknown}
Potions
 h - 2 potions of haste
 l - a potion of brilliance
 m - a potion of flight {unknown}
 n - 2 potions of mutation
 q - 2 potions of ambrosia
 r - 2 potions of heal wounds {unknown}
 u - a potion of agility {unknown}
Comestibles
 d - 9 rations
 s - 2 chunks of flesh


   Skills:
 + Level 5.3 Fighting
 + Level 4.8 Axes
 + Level 5.3 Dodging
 + Level 6.1 Stealth
 + Level 5.3 Shields
 + Level 2.5 Evocations


You had 7 spell levels left.
You didn't know any spells.
Your spell library contained the following spells:

 Spells                   Type           Power        Failure   Level  Hunger
 Corona                   Hex            #......      83%         1    ##.....
 Ensorcelled Hibernation  Hex/Ice        #.....       92%         2    ###....
 Poisonous Vapours        Pois/Air       #.....       92%         2    ###....
 Confuse                  Hex            #.......     99%         3    ####...
 Conjure Flame            Conj/Fire      #.......     99%         3    ####...
 Dazzling Spray           Conj/Hex       #.....       99%         3    ####...
 Mephitic Cloud           Conj/Pois/Air  #.......     99%         3    ####...
 Tukima's Dance           Hex            #.......     99%         3    ####...
 Freezing Cloud           Conj/Ice/Air   #.........   100%        6    #######
 Ring of Flames           Chrm/Fire      #.........   100%        7    #######


Dungeon Overview and Level Annotations

Branches:
Dungeon (6/15)             Temple (0/1) D:4

Altars:
Nemelex Xobeh
Okawaru
Sif Muna
Uskayaw
Vehumet
Wu Jian
Xom


Innate Abilities, Weirdness & Mutations

You cannot wear most types of armour.
You are very stealthy in the water. (Stealth+)
You are amphibious.
You can wear up to eight rings at the same time.
You can use your tentacles to constrict eight enemies at once.
Your skin changes colour to match your surroundings (Stealth+).
Your rubbery body absorbs attacks. (AC +1, EV +1)


Message History

* * * LOW HITPOINT WARNING * * *
The shadow imp shouts, "Run away, thou wayward rump-fed boar-pig!"
You block the orc wizard's attack.
You closely miss the orc wizard. You grab the orc wizard.
You squeeze the orc wizard!
The orc wizard is heavily wounded.
You slash the shadow imp! You constrict the orc wizard.
The shadow imp gestures at you.
You struggle to resist.
The orc wizard hits you with a +0 dagger.
* * * LOW HITPOINT WARNING * * *
You slash the orc wizard!
You kill the orc wizard!
Okawaru accepts your kill.
You closely miss the shadow imp. The shadow imp puffs mist at you.
The shadow imp barely misses you. The shadow imp gestures at you.
Pain shoots through your body!
You die...

.. ##..................
####.##.#.#.######.......
..........#.# #.......
####.##.....######..#####
.......>.................
.##.####(...######..#####
##.....(...# #.......
......)(..## #.......
......)@### #.......
......)5# #.......
........# #.......
........# #.......
........# #.......
######### #.#####.
######.#####.
#.....รท...##.
#.##......##.


You could see a shadow imp.

Vanquished Creatures
  Grinder (D:6)
  An ogre (D:5)
  2 centaurs
  A bullfrog (D:6)
  Blork the orc (D:4)
  A scorpion (D:5)
  4 crimson imps (D:5)
  2 bullfrog skeletons
  3 orc priests
  Crazy Yiuf (D:3)
  Terence (D:3)
  Natasha (thrice) (D:3)
  3 orc wizards
  4 worker ants
  4 adders
  An ooze (D:2)
  A worm (D:5)
  3 dart slugs (D:1)
  5 leopard geckos
  14 orcs
  5 bats
  4 giant cockroaches
  5 goblins
  4 hobgoblins (D:1)
  9 jackals
  8 kobolds
  A quokka (D:5)
  2 ball pythons
  4 frilled lizards
  A giant cockroach zombie (D:5)
  A quokka skeleton (D:5)
  2 rats
102 creatures vanquished.

Notes
Turn   | Place    | Note
-------+----------+-------------------------------------------
     0 | D:1      | grindst0ne the Octopode Fighter began the quest for the
                  | Orb.
     0 | D:1      | Reached XP level 1. HP: 16/16 MP: 1/1
    80 | D:1      | Reached XP level 2. HP: 21/21 MP: 2/2
   254 | D:1      | Reached skill level 1 in Stealth
   488 | D:1      | Reached XP level 3. HP: 26/26 MP: 3/3
   718 | D:2      | Found a radiant altar of Vehumet.
  1394 | D:2      | Found a sparkling altar of Nemelex Xobeh.
  1512 | D:2      | Found a shimmering blue altar of Sif Muna.
  1556 | D:2      | Found an iron altar of Okawaru.
  1569 | D:2      | Became a worshipper of Warmaster Okawaru
  1738 | D:2      | Reached skill level 2 in Stealth
  1738 | D:2      | Reached XP level 4. HP: 18/31 MP: 4/4
  1888 | D:2      | Reached XP level 5. HP: 16/36 MP: 5/5
  2245 | D:3      | Reached skill level 3 in Stealth
  2591 | D:3      | Noticed Natasha
  2596 | D:3      | Killed Natasha
  2596 | D:3      | Reached * piety under Okawaru
  2596 | D:3      | Reached XP level 6. HP: 38/43 MP: 6/6
  2607 | D:3      | Noticed Terence
  2615 | D:3      | Killed Terence
  2753 | D:3      | Found a hide-covered altar of Uskayaw.
  2845 | D:3      | Found a runed translucent door.
  2846 | D:3      | Noticed Crazy Yiuf
  2853 | D:3      | Killed Crazy Yiuf
  3075 | D:3      | Noticed Natasha
  3081 | D:3      | Killed Natasha
  3211 | D:3      | Noticed Natasha
  3216 | D:3      | Killed Natasha
  3555 | D:4      | Reached skill level 4 in Stealth
  3559 | D:4      | Found a staircase to the Ecumenical Temple.
  3565 | D:4      | Reached XP level 7. HP: 36/48 MP: 7/7
  3565 | D:4      | Noticed Blork the orc
  3574 | D:4      | Killed Blork the orc
  3912 | D:5      | Entered Level 5 of the Dungeon
  4300 | D:5      | Found an ornate altar of the Wu Jian Council.
  4870 | D:5      | Reached skill level 5 in Stealth
  4889 | D:5      | Found a shimmering altar of Xom.
  4900 | D:5      | Reached ** piety under Okawaru
  4900 | D:5      | Reached skill level 1 in Evocations
  4900 | D:5      | Reached XP level 8. HP: 43/54 MP: 8/8
  5037 | D:5      | Found an iron altar of Okawaru.
  5161 | D:6      | Noticed Grinder
  5168 | D:6      | Killed Grinder
  5168 | D:6      | Reached skill level 5 in Fighting
  5168 | D:6      | Reached skill level 5 in Dodging
  5168 | D:6      | Reached skill level 5 in Shields
  5348 | D:6      | Reached skill level 6 in Stealth
  5350 | D:6      | Killed from afar by a shadow imp

Levels and vault maps discovered:
D:1:      scummos_arrival_star, layout_loops_corners
D:2:      layout_loops_ring, led_sif_pool, fiery_altar_vehumet,
          old_standard_altar, serial_co_window_serial, co_window_corner_a,
          co_window_of_opportunity_a, co_window_paths_a, co_window_paths_a,
          co_window_corner_a, co_window_of_opportunity_b, co_window_corner_b,
          co_window_of_opportunity_b, co_window_of_opportunity_b,
          co_window_paths_c, co_window_unsneaky_path_d,
          co_window_of_opportunity_b, nemelex_dance_club_becter
D:3:      layout_basic, lemuel_coloured_pillars_altar, minmay_fractal_squares_5,
          uniq_natasha, uniq_crazy_yiuf_cottage, uniq_terence
D:4:      layout_layer_cave, lemuel_crystal_altar, kennysheep_mini_moat,
          minmay_temple_entry_overgrown, first_ration, uniq_eustachio,
          uniq_blork_the_orc
D:5:      layout_basic, lemuel_crystal_altar, led_xom_imps, st_stairs_4,
          kennysheep_okawaru_gauntlet
D:6:      layout_basic, uniq_grinder

Skill      XL: |  1  2  3  4  5  6  7  8 |
---------------+-------------------------+-----
Stealth        | 1 2 3 4 5 6 |  6.1
Axes           | 3 4 |  4.8
Shields        | 4 5 |  5.3
Fighting       | 4 5 |  5.3
Dodging        | 4 5 |  5.3
Evocations     | 1 2 |  2.5

Action                   |  1- 3 |  4- 6 |  7- 9 || total
-------------------------+-------+-------+-------++-------
Melee: War axe           |    50 |    86 |    77 ||   213
       Tentacles         |    12 |    18 |    15 ||    45
       Constrict         |    13 |    23 |    17 ||    53
Evoke: Wand              |       |       |     2 ||     2
  Use: Scroll            |     5 |     4 |     3 ||    12
       Potion            |       |     1 |     2 ||     3
 Stab: Sleeping          |    12 |     7 |     8 ||    27
       Invisible         |       |       |     2 ||     2
  Eat: Chunk             |     2 |     6 |     6 ||    14
Armor: Skin              |     2 |     9 |     5 ||    16
Dodge: Dodged            |    22 |    41 |    31 ||    94
Block: Shield            |    14 |    44 |    31 ||    89
